 Dungeon Crawl Stone Soup version 0.18-a0-884-gb6cfd45 (webtiles) character file.

27 suvakkihuora the Caller (level 3, 0/18 HPs)
             Began as a Vine Stalker Summoner on Dec 22, 2015.
             Was an Initiate of Trog.
             Succumbed to an adder's poison
             ... on level 3 of the Dungeon.
             The game lasted 00:02:29 (483 turns).

suvakkihuora the Caller (Vine Stalker Summoner)      Turns: 483, Time: 00:02:29

Health: 0/18       AC:  2    Str: 11    XL:     3   Next: 10%
Magic:  0/7        EV: 12    Int: 15    God:    Trog [......]
Gold:   27         SH:  0    Dex: 14    Spells: 1 memorised, 5 levels left

rFire  . . .     SeeInvis .       - Unarmed
rCold  . . .     Gourm    .     a - +0 robe
rNeg   . . .     Faith    .     (no shield)
rPois  .         Spirit   +     (no helmet)
rElec  .         Dismiss  .     (no cloak)
rCorr  .         Reflect  .     (no gloves)
SustAt .         Harm     .     (no boots)
MR     .....                    (no amulet)
Stlth  ++........               (no ring)
                                (no ring)

@: lethally poisoned (0 -> -3), not resistant to hostile enchantments,
unstealthy
A: fangs 2, regeneration 1, magic shield, antimagic bite, no device heal 3, rot
immunity
a: Burn Spellbooks, Renounce Religion


You were on level 3 of the Dungeon.
You worshipped Trog.
Trog was noncommittal.
You were not hungry.

You visited 1 branch of the dungeon, and saw 3 of its levels.

You collected 27 gold pieces.

Inventory:

Missiles
 e - 2 tomahawks of dispersal (quivered)
Armour
 a - a +0 robe (worn)
Scrolls
 f - a scroll of teleportation {unknown}
Books
 b - a book of Callings

   Spells                             Type                      Level
   a - Summon Small Mammal            Summoning                    1
   b - Call Imp                       Summoning                    2
   c - Call Canine Familiar           Summoning                    3
   d - Summon Guardian Golem          Hexes/Summoning              3
   e - Summon Lightning Spire         Summoning/Air                4
   f - Summon Ice Beast               Ice/Summoning                4
   Trog disapproves of the use of such an item.
Comestibles
 c - 4 bread rations
 d - 3 chunks of flesh


   Skills:
 + Level 1.1 Fighting
 - Level 1.5 Dodging
 - Level 2.4 Stealth
 * Level 2.0 Unarmed Combat
 - Level 2.1 Spellcasting
 - Level 4.0 Summonings


You had 5 spell levels left.
You knew the following spells:

 Your Spells              Type           Power        Failure   Level  Hunger
a - Summon Small Mammal   Summ           ##..         4%          1    #......


Dungeon Overview and Level Annotations

Branches:
Dungeon (3/15)

Altars:
Trog


Innate Abilities, Weirdness & Mutations

You have extremely sharp teeth.
Your natural rate of healing is unusually fast.
When hurt, damage is shared between your health and your magic reserves.
Your bite disrupts and absorbs the magic of your enemies.
Potions and wands cannot restore your health.
You are immune to rotting.


Message History

The adder is moderately wounded.
You feel sick. The adder closely misses you.
An orc comes into view. It is wielding a short sword.
You closely miss the adder. Your bite misses the adder.
The adder is moderately wounded.
You feel sick. The adder bites you.
* * * LOW HITPOINT WARNING * * *
The adder bites you.
* * * LOW HITPOINT WARNING * * *
A bat comes into view.
You aren't carrying any potions.
You hit the adder.
The adder is heavily wounded.
The adder barely misses you.
An orc comes into view. It is wielding a hand axe.
Unknown command.
Unknown command.
You barely miss the adder.
The adder is heavily wounded.
You die...

#.#########
#.........#.#.#
#########.#.#.# ##
#.#.#$# .. #.#.#.#
#.##.#.#.###
#........S..
###.##.#.#.####.#o
....>......@Soooob.
####....#.#.####.#.
######.#.# ..#.#
####.# #.# #.# #.#


You could see 2 adders, 5 orcs and a bat.

Vanquished Creatures
  2 worms (D:2)
  5 bats
  2 hobgoblins
  2 kobolds (D:1)
  A quokka (D:2)
  4 giant cockroaches
  A goblin (D:1)
  2 rats (D:1)
19 creatures vanquished.

Vanquished Creatures (collateral kills)
  A worm (D:2)
1 creature vanquished.

Grand Total: 20 creatures vanquished

Notes
Turn   | Place    | Note
--------------------------------------------------------------
     0 | D:1      | suvakkihuora the Vine Stalker Summoner began the quest for the Orb.
     0 | D:1      | Reached XP level 1. HP: 9/9 MP: 4/4
   137 | D:1      | Reached skill level 1 in Unarmed Combat
   155 | D:1      | Reached XP level 2. HP: 10/14 MP: 6/6
   333 | D:2      | Reached skill level 1 in Fighting
   380 | D:2      | Found a bloodstained altar of Trog.
   389 | D:2      | Reached XP level 3. HP: 16/18 MP: 7/7
   396 | D:2      | Became a worshipper of Trog the Wrathful
   483 | D:3      | Succumbed to an adder's poison

Vault maps used:
D:1:      elethiomel_arrival_quiet, minmay_cut_off
D:2:      lemuel_crystal_altar, nicolae_overflow_crystal_walls, first_bread
D:3:      kennysheep_the_goblin_king, lemuel_doored_altar

Action                   || total
-------------------------++-------
Melee: Unarmed           ||   123
 Cast: Summon Small Mamm ||     3
